 Dungeon Crawl Stone Soup version 0.23.2-30-g0e89c35649 (webtiles) character file.

Game seed: 13171081994724096885

6379 sipior the Grappler (level 10, -5/88 (90) HPs)
             Began as a Ghoul Ice Elementalist on June 7, 2019.
             Was a Believer of Uskayaw.
             Slain by a two-headed ogre
             ... wielding a +0 giant spiked club
              (18 damage)
             ... on level 10 of the Dungeon.
             The game lasted 01:00:09 (16977 turns).

sipior the Grappler (Ghoul Ice Elementalist)       Turns: 16977, Time: 01:00:10

HP:   -5/88 (90)    AC:  0    Str: 13    XL:     10   Next: 97%
MP:   12/16         EV:  9    Int: 13    God:    Uskayaw [**....]
Gold: 572           SH:  4    Dex:  9    Spells: 6/19 levels left

rFire    . . .     SeeInvis +     - Unarmed
rCold    + . .     Gourm    .   A - +0 buckler
rNeg     + + +     Faith    .   v - +0 scale mail
rPois    ∞         Spirit   .   n - +0 helmet
rElec    .         Reflect  .   (no cloak)
rCorr    .         Harm     .   q - +0 pair of gloves
MR       .....                  (no boots)
Stlth    ++........             (no amulet)
HPRegen  0.00/turn              t - ring of see invisible
MPRegen  0.15/turn              e - ring of stealth

@: corroded, very slightly contaminated, rotting
A: rotting body, claws 1, carnivore, cold resistance 1, negative energy
resistance 3, inhibited regeneration, torment resistance, unbreathing
a: Stomp, Line Pass, Renounce Religion


You were on level 10 of the Dungeon.
You worshipped Uskayaw.
Uskayaw was noncommittal.
You were hungry.

You visited 2 branches of the dungeon, and saw 11 of its levels.
You also visited: Sewer.

You collected 572 gold pieces.

Inventory:

Hand Weapons
 l - a +3 rapier of draining
Armour
 j - a +0 ring mail
 n - a +0 helmet (worn)
 q - a +0 pair of gloves (worn)
 u - a +1 chain mail of fire resistance
 v - a +0 scale mail (worn)
 A - a +0 buckler (worn)
Jewellery
 e - a ring of stealth (right hand)
 k - an uncursed amulet of harm {unknown}
 t - a ring of see invisible (left hand)
Wands
 f - a wand of iceblast (10)
 h - a wand of polymorph (4)
 o - a wand of paralysis (10)
 w - a wand of flame (1)
Scrolls
 a - 5 scrolls of enchant weapon
 g - a scroll of vulnerability {unknown}
 p - 3 scrolls of teleportation
 r - 3 scrolls of immolation
 x - 2 scrolls of magic mapping
 y - a scroll of fog
 z - a scroll of blinking {unknown}
 C - a scroll of amnesia {unknown}
Potions
 b - 2 potions of haste {unknown}
 d - a potion of flight {unknown}
 i - 2 potions of curing
 m - a potion of cancellation {unknown}
 s - a potion of heal wounds {unknown}
 B - 2 potions of brilliance
Comestibles
 c - 18 rations


   Skills:
 + Level 8.5 Fighting
 - Level 2.4 Armour
 - Level 1.7 Dodging
 - Level 3.0 Stealth
 - Level 4.0 Shields
 + Level 8.5 Unarmed Combat
 - Level 5.0 Spellcasting
 - Level 0.7 Conjurations
 + Level 3.6 Summonings
 - Level 8.0 Ice Magic
 + Level 3.8 Invocations


You had 6 spell levels left.
You knew the following spells:

 Your Spells              Type           Power        Failure   Level  Hunger
a - Freeze                Ice            ###.         3%          1    None
b - Throw Frost           Conj/Ice       ##....       22%         2    ##.....
c - Summon Ice Beast      Ice/Summ       ###.....     58%         4    ####...
d - Apportation           Tloc           #.....       63%         1    None
e - Animate Skeleton      Necr           N/A          63%         1    None
f - Throw Icicle          Conj/Ice       ##......     80%         4    ####...

Your spell library contained the following spells:

 Spells                   Type           Power        Failure   Level  Hunger
 Summon Small Mammal      Summ           ##..         19%         1    None
 Ozocubu's Armour         Chrm/Ice       ##......     43%         3    ###....
 Magic Dart               Conj           #...         54%         1    None
 Confusing Touch          Hex            #.....       63%         1    None
 Searing Ray              Conj           #.....       67%         2    ##.....
 Dazzling Spray           Conj/Hex       #.....       91%         3    ###....
 Iskenderun's Mystic Bla  Conj           #.......     99%         4    ####...
 Force Lance              Conj/Tloc      #.......     100%        4    ####...
 Fulminant Prism          Conj/Hex       #.........   100%        4    ####...


Dungeon Overview and Level Annotations

Branches:
Dungeon (10/15)            Temple (1/1) D:4            Lair (0/6) D:9
    Orc: D:9-12

Altars:
Ashenzari
Cheibriados
Dithmenos
Elyvilon
Fedhas
Gozag
Hepliaklqana
Kikubaaqudgha
Makhleb
Nemelex Xobeh
Okawaru
Qazlal
Ru
Sif Muna
Trog
Uskayaw
Vehumet
Wu Jian
Xom
Yredelemnul
Zin
The Shining One
Beogh

Annotations:
D:7 5 runed translucent doors


Innate Abilities, Weirdness & Mutations

Your body is rotting away.
You thrive on raw meat.
You are immune to poison.
You have sharp fingernails.
You are carnivorous and can eat meat at any time.
Your flesh is cold resistant. (rC+)
You are immune to negative energy. (rN+++)
You do not regenerate when monsters are visible.
You are immune to unholy pain and torment.
You can survive without breathing.


Message History

Aim: a two-headed ogre, wielding a +0 giant spiked club and a +0 giant club (heavily wounded)
You miscast Freeze.
You are very lightly contaminated with residual magic.
A chill runs through your body.
The jelly is no longer paralysed.
The jelly barely misses you.
You feel your flesh rotting away.
You hit the jelly. The acid corrodes you!
Your hands burn!
The jelly is lightly wounded.
The jelly hits you.
You are splashed with acid!
You block the two-headed ogre's attack. The two-headed ogre barely misses you.
Uskayaw prepares the audience for your solo!
The two-headed ogre is no longer paralysed.
The jelly is no longer paralysed.
You stomp with the beat, sending a shockwave through the revelers around you!
The two-headed ogre is severely wounded.
You feel somewhat more hungry.
The two-headed ogre hits you with a +0 giant spiked club!
* * * LOW HITPOINT WARNING * * *
The two-headed ogre hits you with a +0 giant club!!
You die...

................
................
.[............
............
#....#...#...#
####+########........#...#
.#≈≈≈≈≈#.............#...#
.#≈≈≈≈≈#........@....#...#
.#≈≈≈≈≈#.........O...#...#
.#≈≈≈≈≈##...######J..#...#
.###'####....# #...#...#
........'....# #.......#
....#...#....# +.......#
#####...##+### #.....>.+
#...# #.......# #...#
#)......#


You could see a two-headed ogre and a jelly.

Vanquished Creatures
  A deep elf mage (D:9)
  Sigmund (D:3)
  7 yaks
  A steam dragon (D:7)
  A human (D:7)
  Grum (D:8)
  3 hogs (D:7)
  A hungry ghost (D:10)
  A water moccasin (D:9)
  Purgy (Sewer)
  3 ice beasts
  2 orc warriors (D:9)
  2 black bears
  An eye of draining (D:10)
  A phantom (D:7)
  3 centaurs
  A necrophage (D:8)
  3 wolves
  3 ogres
  2 crocodiles
  A gnoll sergeant (D:5)
  2 bullfrogs (D:10)
  2 scorpions
  4 wights
  A centaur zombie (D:5)
  4 crimson imps
  3 hounds
  2 jellies
  A bullfrog skeleton (D:6)
  4 orc priests
  3 centaur skeletons
  An iguana (D:8)
  3 orc wizards
  3 worker ants
  A killer bee zombie (D:7)
  A hound skeleton (D:4)
  3 worker ant zombies
  23 gnolls
  12 adders
  12 river rats (D:5)
  A shadow imp (D:10)
  3 oozes
  3 adder skeletons
  6 worms
  2 dart slugs (D:1)
  6 leopard geckos
  43 orcs
  6 ball pythons
  17 bats
  6 giant cockroaches
  7 hobgoblins
  27 jackals
  10 quokkas
  A ball python skeleton (D:3)
  4 frilled lizards
  12 goblins
  10 kobolds
  A leopard gecko skeleton (D:5)
  A quokka zombie (D:8)
  25 rats
316 creatures vanquished.

Vanquished Creatures (others)
  A kobold (D:1)
1 creature vanquished.

Grand Total: 317 creatures vanquished

Notes
Turn   | Place    | Note
-------+----------+-------------------------------------------
     0 | D:1      | sipior the Ghoul Ice Elementalist began the quest for the
                  | Orb.
     0 | D:1      | Reached XP level 1. HP: 14/14 MP: 2/2
   240 | D:1      | Reached XP level 2. HP: 22/22 MP: 0/3
   330 | D:1      | Learned a level 2 spell: Throw Frost
   625 | D:1      | Reached skill level 1 in Fighting
   774 | D:1      | Reached XP level 3. HP: 28/28 MP: 1/5
   798 | D:1      | Reached skill level 1 in Unarmed Combat
  1824 | D:2      | HP: 1/28 [worm (10)]
  2157 | D:2      | Reached XP level 4. HP: 25/34 MP: 4/6
  3138 | D:3      | Noticed Sigmund
  3348 | D:2      | Learned a level 4 spell: Summon Ice Beast
  3506 | D:3      | Reached XP level 5. HP: 30/39 MP: 3/7
  4209 | D:3      | Reached XP level 6. HP: 48/50 MP: 6/8
  4807 | D:3      | Killed Sigmund
  4807 | D:3      | Reached skill level 5 in Ice Magic
  4807 | D:3      | Reached XP level 7. HP: 45/57 MP: 10/10
  5428 | D:4      | Found a staircase to the Ecumenical Temple.
  5449 | Temple   | Entered the Ecumenical Temple
  5680 | Temple   | Became a worshipper of Uskayaw the Reveler
  5707 | D:4      | Reached * piety under Uskayaw
  5714 | D:4      | Reached ** piety under Uskayaw
  6528 | D:5      | Entered Level 5 of the Dungeon
  6653 | D:5      | Found a snail-covered altar of Cheibriados.
  6733 | D:5      | Found a glowing drain.
  6746 | Sewer    | Entered a sewer
  6791 | Sewer    | Noticed Purgy
  6806 | Sewer    | Reached *** piety under Uskayaw
  6807 | Sewer    | Killed Purgy
  7082 | D:5      | Found a shadowy altar of Dithmenos.
  7256 | D:5      | Reached **** piety under Uskayaw
  7258 | D:5      | Reached XP level 8. HP: 35/67 MP: 3/12
  7265 | D:5      | Reached ***** piety under Uskayaw
  7509 | D:5      | Reached ****** piety under Uskayaw
  7966 | D:5      | Reached skill level 5 in Fighting
  7976 | D:5      | Reached skill level 5 in Unarmed Combat
  8414 | D:5      | Found a burning altar of Makhleb.
  8416 | D:5      | Noticed a balrug
  8420 | D:5      | Noticed a hellwing
  8420 | D:5      | Noticed a smoke demon
  9445 | D:6      | Reached skill level 1 in Armour
 10231 | D:5      | HP: 2/68 [wight/+0 dire flail (7)]
 11091 | D:6      | Reached XP level 9. HP: 71/71 MP: 14/14
 11388 | D:7      | Found a runed translucent gate.
 12316 | D:7      | Reached skill level 1 in Shields
 12316 | D:7      | Reached skill level 5 in Spellcasting
 12341 | D:7      | Learned a level 1 spell: Apportation
 12343 | D:7      | Learned a level 1 spell: Animate Skeleton
 12348 | D:7      | Learned a level 4 spell: Throw Icicle
 12862 | D:7      | Found the +9 staff of Olgreb {rPois}
 12887 | D:7      | Found a runed translucent gate.
 12887 | D:7      | Found a runed translucent gate.
 12888 | D:7      | Found a runed translucent door.
 12908 | D:7      | Found a runed translucent door.
 13178 | D:8      | Found a white marble altar of Elyvilon.
 13178 | D:8      | Found a sparkling altar of Nemelex Xobeh.
 13178 | D:8      | Found a glowing silver altar of Zin.
 13178 | D:8      | Found a hazy altar of Hepliaklqana.
 13210 | D:8      | Found a radiant altar of Vehumet.
 13210 | D:8      | Found a shattered altar of Ashenzari.
 13536 | D:8      | Noticed Grum
 13555 | D:7      | Reached XP level 10. HP: 67/86 MP: 12/16
 13584 | D:8      | Killed Grum
 13584 | D:8      | Reached skill level 1 in Summonings
 14522 | D:9      | Found a roughly hewn altar of Beogh.
 14566 | D:9      | Reached skill level 1 in Invocations
 15144 | D:9      | Found a shadowy altar of Dithmenos.
 15721 | D:9      | Noticed a deep elf mage
 15750 | D:9      | Killed a deep elf mage
 15792 | D:9      | Found a staircase to the Lair.
 15819 | D:9      | Found an opulent altar of Gozag.
 16140 | D:9      | Found a sacrificial altar of Ru.
 16141 | D:9      | Found an iron altar of Okawaru.
 16141 | D:9      | Found a deep blue altar of Sif Muna.
 16142 | D:9      | Found an ornate altar of the Wu Jian Council.
 16296 | D:10     | Entered Level 10 of the Dungeon
 16470 | D:10     | Noticed a two-headed ogre
 16798 | D:10     | Noticed a two-headed ogre
 16977 | D:10     | Slain by a two-headed ogre

Skill      XL: |  1  2  3  4  5  6  7  8  9 10 |
---------------+-------------------------------+-----
Spellcasting   | 2 3 4 5 |  5.0
Fighting       | 1 2 3 4 5 7 8 |  8.5
Unarmed Combat | 1 2 3 4 5 7 8 |  8.5
Stealth        | 3 |  3.0
Ice Magic      | 4 5 6 8 |  8.0
Armour         | 1 2 |  2.4
Shields        | 2 4 |  4.0
Summonings     | 3 |  3.6
Invocations    | 3 |  3.8
Dodging        | |  1.7
Conjurations   | |  0.7

Action                   |  1- 3 |  4- 6 |  7- 9 | 10-12 || total
-------------------------+-------+-------+-------+-------++-------
Melee: Unarmed           |   112 |   161 |   691 |   276 ||  1240
       Punch             |       |       |     6 |       ||     6
 Cast: Freeze            |    54 |    61 |   127 |    59 ||   301
       Throw Frost       |     3 |    14 |    10 |     5 ||    32
Invok: Line Pass         |       |       |     1 |       ||     1
       Stomp             |       |       |       |     1 ||     1
Evoke: Wand              |       |       |    11 |       ||    11
  Use: Scroll            |       |     3 |    14 |     3 ||    20
       Potion            |       |     1 |       |     1 ||     2
 Stab: Sleeping          |     4 |     4 |     7 |     1 ||    16
       Paralysed         |       |       |    12 |    23 ||    35
  Eat: Chunk             |     6 |    11 |    37 |     9 ||    63
       Ration            |       |       |     2 |       ||     2
Armor: Robe              |    16 |       |       |       ||    16
       Leather armour    |    24 |    38 |    57 |       ||   119
       Ring mail         |       |       |    31 |       ||    31
       Scale mail        |       |       |   177 |    93 ||   270
Dodge: Dodged            |   102 |   134 |   340 |   112 ||   688
Block: Buckler           |       |       |    19 |    49 ||    68
